 Dungeon Crawl Stone Soup version 0.19.1 (webtiles) character file.

17356 sveltemanboy the Bludgeoner (level 12, -6/119 HPs)
             Began as an Ogre Gladiator on Nov 27, 2016.
             Was a High Priest of Ru.
             Mangled by an orc warrior
             ... wielding a +0 battleaxe
              (12 damage)
             ... on level 2 of the Orcish Mines.
             The game lasted 00:43:06 (15243 turns).

sveltemanboy the Bludgeoner (Ogre Gladiator)       Turns: 15243, Time: 00:43:07

Health: -6/119     AC: 11    Str: 23    XL:     12   Next: 47%
Magic:  12/12      EV: 13    Int: 10    God:    Ru [*****.]
Gold:   990        SH:  0    Dex: 11    Spells: 2 memorised, 9 levels left

rFire  + . .     SeeInvis +     b - +0 great mace
rCold  + . .     Gourm    .     o - +2 robe {rF+}
rNeg   . . .     Faith    .     (shield currently unavailable)
rPois  .         Spirit   .     E - +1 hat
rElec  .         Reflect  .     u - +2 cloak {MR+}
rCorr  .         Harm     .     (gloves unavailable)
MR     ++...                    (boots unavailable)
Stlth  +.........               (no amulet)
                                (no ring)
                                k - ring of see invisible

@: no scrolls
A: unfitting armour, horns 1, thin metallic scales 1, cold resistance 1, low mp
1, tough skin 1, inability to read while threatened, inability to use devices,
no conjurations magic, no fire magic, no necromancy magic
a: Sacrifice an Eye, Sacrifice Durability, Sacrifice Nimbleness, Reject
Sacrifices, Draw Out Power, Power Leap, Apocalypse, Renounce Religion


You were on level 2 of the Orcish Mines.
You worshipped Ru.
Ru was extremely pleased with you.
You were not hungry.

You visited 3 branches of the dungeon, and saw 14 of its levels.

You collected 1044 gold pieces.
You spent 54 gold pieces at shops.

Inventory:

Hand Weapons
 a - a +0 antimagic morningstar
 b - a +0 great mace (weapon)
 c - a +0 giant spiked club
Missiles
 B - 2 throwing nets (quivered)
Armour
 o - a +2 robe of fire resistance (worn)
 u - a +2 cloak of magic resistance (worn)
 E - a +1 hat (worn)
Jewellery
 k - a ring of see invisible (left hand)
Scrolls
 h - 6 scrolls of remove curse
 i - 2 scrolls of identify
 l - a scroll of blinking
 r - 2 scrolls of magic mapping
 D - a scroll of enchant weapon
 G - a scroll of amnesia
 I - a scroll of teleportation
Potions
 m - a potion of flight
Comestibles
 f - 8 bread rations
 g - 2 slices of pizza
 n - 3 meat rations
 v - 11 fruits
 y - 3 chunks of flesh
 F - 3 royal jellies
 K - 11 beef jerkies


   Skills:
 - Level 8.0 Fighting
 * Level 18.4 Maces & Flails
 - Level 5.5 Throwing
 - Level 2.2 Armour
 + Level 7.3 Dodging
 - Level 1.2 Spellcasting
 - Level 3.7 Charms
 - Level 3.7 Air Magic


You had 9 spell levels left.
You knew the following spells:

 Your Spells              Type           Power        Failure   Level  Hunger
a - Repel Missiles        Chrm/Air       #.....       12%         2    ###....
b - Swiftness             Chrm/Air       #.......     12%         2    ###....


Dungeon Overview and Level Annotations

Branches:
Dungeon (11/15)            Temple (1/1) D:4            Lair (0/6) D:8
    Orc (2/2) D:10
    Elf: Orc:2

Altars:
Ashenzari
Cheibriados
Dithmenos
Elyvilon
Fedhas
Gozag
Hepliaklqana
Kikubaaqudgha
Makhleb
Nemelex Xobeh
Okawaru
Qazlal
Ru
Sif Muna
Trog
Uskayaw
Vehumet
Xom
Yredelemnul
Zin
The Shining One

Shops:
D:5 *   D:7 !


Innate Abilities, Weirdness & Mutations

You are too large for most types of armour.
You have tough skin. (AC +1)
You cannot read scrolls while threatened.
You cannot study or use magical devices.
You cannot study or cast Conjurations magic.
You cannot study or cast Fire magic.
You cannot study or cast Necromancy magic.
You have a pair of small horns on your head.
You are partially covered in thin metallic scales. (AC +2)
Your flesh is cold resistant. (rC+)
Your magical capacity is low. (-10% MP)


Message History

The orc warrior is heavily wounded.
You barely miss the orc warrior.
The orc warrior is heavily wounded.
The orc warrior barely misses you.
You barely miss the orc warrior.
The orc warrior is heavily wounded.
The orc warrior barely misses you.
You barely miss the orc warrior. Your headbutt misses the orc warrior.
The orc warrior is heavily wounded.
You closely miss the orc warrior.
The orc warrior is heavily wounded.
The orc warrior hits you with a battleaxe!
* * * LOW HITPOINT WARNING * * *
You closely miss the orc warrior.
You headbutt the orc warrior, but do no damage.
The orc warrior is heavily wounded.
You hit the orc warrior but do no damage.
The orc warrior is heavily wounded.
The orc warrior hits you with a battleaxe!
You die...

...... .......
...............#
...............##
.......o........#
......(.........##
...............).#
.............##))##
..........#.###.o.#
.............o##@##
.........(#(oo.###
..........###o##
......#...# ###
.........##
......#.##
.......## ........#
...#...##


You could see an orc warrior.

Vanquished Creatures
  Gastronok (D:8)
  Fannar (D:10)
  A deep elf knight (D:10)
  2 unseen horrors (D:10)
  2 hill giants (D:10)
  3 orc knights (Orc:2)
  Pikel (D:5)
  2 ugly things (D:10)
  A cyclops (Orc:2)
  A two-headed ogre (D:10)
  A troll (Orc:1)
  3 hippogriffs
  Sigmund (D:2)
  5 yaks (D:10)
  A wyvern (D:10)
  Edmund (D:5)
  A warg (Orc:2)
  A soldier ant (D:10)
  A water moccasin (D:5)
  20 orc warriors
  3 ice beasts
  A black bear (D:4)
  2 phantoms (D:6)
  3 sky beasts
  2 slaves (D:5)
  6 ogres
  6 centaurs
  A crocodile (D:10)
  A big kobold (D:7)
  6 bullfrogs
  A wyvern zombie (D:7)
  A water moccasin skeleton (D:4)
  A killer bee (D:10)
  6 howler monkeys
  9 wights
  4 crimson imps
  3 bullfrog zombies
  Crazy Yiuf (D:7)
  4 hounds
  A centaur zombie (D:8)
  2 jellies
  2 gnoll shamans
  11 orc priests
  3 bullfrog skeletons
  2 centaur skeletons
  4 iguanas
  19 orc wizards
  8 worker ants
  A killer bee zombie (D:10)
  2 hound zombies
  A hound skeleton (D:7)
  2 worker ant zombies
  13 gnolls
  13 adders
  2 howler monkey skeletons
  2 shadow imps
  A worker ant simulacrum (D:10)
  An adder skeleton (D:9)
  3 worms
  2 dart slugs (D:1)
  3 leopard geckos
  59 orcs
  2 ball pythons
  5 bats
  5 giant cockroaches
  8 goblins
  8 hobgoblins
  2 jackals (D:9)
  12 kobolds
  5 quokkas
  A ball python skeleton (D:4)
  7 frilled lizards
  A giant cockroach zombie (D:6)
  15 rats
339 creatures vanquished.

Vanquished Creatures (others)
  A slave (D:5)
  A warg (Orc:2)
  2 water moccasins (D:5)
  An orc warrior (Orc:2)
  An ogre (Orc:1)
  2 orcs
  A ball python (D:5)
9 creatures vanquished.

Grand Total: 348 creatures vanquished

Notes
Turn   | Place    | Note
-------+----------+-------------------------------------------
     0 | D:1      | sveltemanboy the Ogre Gladiator began the quest for the Orb.
     0 | D:1      | Reached XP level 1. HP: 22/22 MP: 1/1
   362 | D:1      | Reached XP level 2. HP: 29/29 MP: 2/2
   732 | D:1      | Reached XP level 3. HP: 23/37 MP: 3/3
  1091 | D:1      | Reached skill level 5 in Maces & Flails
  1149 | D:2      | Found a shimmering altar of Xom.
  1154 | D:2      | Found a hide-covered altar of Uskayaw.
  1187 | D:2      | Reached XP level 4. HP: 34/45 MP: 4/4
  1694 | D:2      | Found a faded altar of an unknown god.
  1723 | D:2      | Noticed Sigmund
  1737 | D:2      | Killed Sigmund
  1737 | D:2      | Reached skill level 6 in Maces & Flails
  1737 | D:2      | Reached skill level 1 in Armour
  1737 | D:2      | Reached XP level 5. HP: 27/53 MP: 5/5
  1737 | D:2      | Reached XP level 6. HP: 31/61 MP: 6/6
  1968 | D:2      | Found a snail-covered altar of Cheibriados.
  1970 | D:2      | Reached skill level 7 in Maces & Flails
  2790 | D:4      | Found a staircase to the Ecumenical Temple.
  2798 | Temple   | Entered the Ecumenical Temple
  2838 | Temple   | Became a worshipper of Ru the Awakened
  2943 | D:4      | Found a radiant altar of Vehumet.
  3033 | D:4      | Reached XP level 7. HP: 18/67 MP: 7/7
  3071 | D:4      | Reached skill level 8 in Maces & Flails
  3529 | D:4      | Reached skill level 9 in Maces & Flails
  3613 | D:4      | Found a hazy altar of Hepliaklqana.
  3655 | D:5      | Entered Level 5 of the Dungeon
  3909 | D:5      | Noticed Pikel
  3929 | D:5      | Killed Pikel
  3929 | D:5      | Reached skill level 10 in Maces & Flails
  3929 | D:5      | Reached skill level 5 in Throwing
  3929 | D:5      | Reached XP level 8. HP: 26/75 MP: 8/8
  4248 | D:5      | Reached skill level 11 in Maces & Flails
  4279 | D:5      | Noticed Edmund
  4294 | D:5      | Killed Edmund
  4791 | D:5      | Found Quida's Serpentskin Sales.
  4794 | D:5      | Gained mutation: You cannot study or cast Fire magic. [Ru sacrifice]
  4794 | D:5      | Gained mutation: You cannot study or cast Necromancy magic. [Ru sacrifice]
  4794 | D:5      | Gained mutation: You cannot study or cast Conjurations magic. [Ru sacrifice]
  4794 | D:5      | Reached * piety under Ru
  4799 | D:5      | Found a shadowy altar of Dithmenos.
  4906 | D:6      | Found a shimmering altar of Xom.
  4923 | D:6      | Reached skill level 12 in Maces & Flails
  4923 | D:6      | Reached XP level 9. HP: 60/85 MP: 9/9
  5256 | D:6      | Reached skill level 1 in Spellcasting
  5261 | D:6      | Learned a level 2 spell: Repel Missiles
  5264 | D:6      | Learned a level 2 spell: Swiftness
  5325 | D:6      | Found a basalt altar of Yredelemnul.
  5356 | D:6      | Reached skill level 5 in Fighting
  5764 | D:6      | Gained mutation: You are clumsy. (Dex -2) [mutagenic meat]
  5803 | D:6      | Found a shattered altar of Ashenzari.
  5932 | D:6      | Reached skill level 1 in Charms
  6188 | D:7      | Reached skill level 1 in Air Magic
  6317 | D:7      | Found an iron altar of Okawaru.
  6355 | D:7      | Found a runed door.
  6495 | D:7      | Reached skill level 13 in Maces & Flails
  6810 | D:7      | Found Niozaz's Distillery.
  7110 | D:7      | Bought a potion of mutation for 27 gold pieces
  7110 | D:7      | Bought a potion of mutation for 27 gold pieces
  7110 | D:7      | Gained mutation: You are very clumsy. (Dex -4) [potion of mutation]
  7110 | D:7      | Gained mutation: Your body sometimes deteriorates upon taking damage. [potion of mutation]
  7110 | D:7      | Lost mutation: Your body sometimes deteriorates upon taking damage. [potion of mutation]
  7111 | D:7      | Gained mutation: Armour fits poorly on your strangely shaped body. [potion of mutation]
  7111 | D:7      | Gained mutation: You are covered in fur. (AC +1) [potion of mutation]
  7112 | D:7      | Lost mutation: Armour fits poorly on your strangely shaped body. [potion of cure mutation]
  7112 | D:7      | Lost mutation: You are very clumsy. (Dex -4) [potion of cure mutation]
  7112 | D:7      | Lost mutation: You are clumsy. (Dex -2) [potion of cure mutation]
  7112 | D:7      | Lost mutation: You are covered in fur. (AC +1) [potion of cure mutation]
  7498 | D:7      | Reached XP level 10. HP: 71/96 MP: 11/11
  8363 | D:7      | Noticed Crazy Yiuf
  8375 | D:7      | Killed Crazy Yiuf
  8523 | D:8      | Reached skill level 14 in Maces & Flails
  8549 | D:8      | Gained mutation: Your magical capacity is low. (-10% MP) [mutagenic meat]
  8552 | D:8      | Gained mutation: You have a pair of small horns on your head. [mutagenic meat]
  8553 | D:8      | Noticed Gastronok
  8577 | D:8      | Killed Gastronok
  8787 | D:8      | Found an ancient bone altar of Kikubaaqudgha.
  8853 | D:8      | Reached skill level 15 in Maces & Flails
  8991 | D:8      | Found a staircase to the Lair.
  9320 | D:9      | Gained mutation: You cannot read scrolls while threatened. [Ru sacrifice]
  9320 | D:9      | Reached ** piety under Ru
  9822 | D:9      | Found a sparkling altar of Nemelex Xobeh.
  9822 | D:9      | Found an opulent altar of Gozag.
  9857 | D:9      | Reached XP level 11. HP: 100/102 MP: 11/11
 10806 | D:10     | Entered Level 10 of the Dungeon
 11161 | D:10     | Found a staircase to the Orcish Mines.
 11222 | D:10     | Reached skill level 16 in Maces & Flails
 11243 | D:10     | Noticed a hill giant
 11248 | D:10     | Killed a hill giant
 11403 | D:10     | Noticed a hill giant
 11417 | D:10     | Noticed a white ugly thing
 11420 | D:10     | Killed a hill giant
 11420 | D:10     | Reached skill level 5 in Dodging
 11432 | D:10     | Killed a white ugly thing
 11437 | D:10     | Gained mutation: Your flesh is cold resistant. (rC+) [mutagenic meat]
 11438 | D:10     | Gained mutation: You are partially covered in thin metallic scales. (AC +2) [mutagenic meat]
 11530 | D:10     | Gained mutation: You cannot study or use magical devices. [Ru sacrifice]
 11530 | D:10     | Reached *** piety under Ru
 11530 | D:10     | Reached **** piety under Ru
 11530 | D:10     | Reached ***** piety under Ru
 11802 | D:10     | Noticed Fannar
 11891 | D:10     | Killed Fannar
 12218 | D:10     | Noticed a purple ugly thing
 12232 | D:10     | Killed a purple ugly thing
 12247 | D:10     | Noticed an unseen horror
 12249 | D:10     | Killed an unseen horror
 12411 | D:10     | Reached skill level 17 in Maces & Flails
 12423 | D:10     | Noticed a deep elf knight
 12444 | D:10     | Killed a deep elf knight
 12695 | D:11     | Noticed a cyclops
 12739 | D:11     | Noticed an unseen horror
 12762 | D:10     | Killed an unseen horror
 12919 | Orc:1    | Entered Level 1 of the Orcish Mines
 12963 | D:10     | Reached XP level 12. HP: 108/119 MP: 12/12
 13264 | Orc:2    | Entered Level 2 of the Orcish Mines
 14541 | Orc:2    | Reached skill level 18 in Maces & Flails
 15241 | Orc:2    | HP: 5/119 [orc warrior/battleaxe (8)]
 15243 | Orc:2    | Mangled by an orc warrior

Skill      XL: |  1  2  3  4  5  6  7  8  9 10 11 12 |
---------------+-------------------------------------+-----
Dodging        | 3 6 7 |  7.3
Fighting       | 3 4 5 7 8 |  8.0
Maces & Flails | 5 6 7 10 12 13 15 17 18 | 18.4
Throwing       | 3 5 |  5.5
Armour         | 1 2 |  2.2
Spellcasting   | 1 |  1.2
Charms         | 2 3 |  3.7
Air Magic      | 2 3 |  3.7

Action                   |  1- 3 |  4- 6 |  7- 9 | 10-12 || total
-------------------------+-------+-------+-------+-------++-------
Melee: Flail             |    28 |       |    54 |     7 ||    89
       Mace              |    33 |    94 |   125 |    35 ||   287
       Whip              |       |       |   155 |   434 ||   589
       Headbutt          |       |       |       |   134 ||   134
       Great mace        |       |       |       |   226 ||   226
       Morningstar       |       |       |       |    44 ||    44
Throw: Throwing net      |       |     3 |       |     3 ||     6
       Stone             |       |    38 |    15 |       ||    53
 Cast: Swiftness         |       |       |     1 |     3 ||     4
Invok: Sacrifice Arcana  |       |       |     1 |       ||     1
       Sacrifice Words   |       |       |       |     1 ||     1
       Power Leap        |       |       |       |     3 ||     3
       Sacrifice Artific |       |       |       |     1 ||     1
Evoke: Wand              |       |       |       |    13 ||    13
  Use: Potion            |       |       |    10 |    11 ||    21
       Scroll            |       |       |     1 |    15 ||    16
 Stab: Distracted        |     1 |       |       |     3 ||     4
       Held in net/web   |       |     1 |       |     3 ||     4
       Confused          |       |       |       |     1 ||     1
       Sleeping          |       |       |       |     1 ||     1
       Invisible         |       |       |       |     8 ||     8
  Eat: Chunk             |     1 |     6 |    15 |    31 ||    53
       Fruit             |       |       |       |     1 ||     1
Armor: Robe              |    11 |    21 |    64 |   102 ||   198
       Skin              |       |       |       |     3 ||     3
Dodge: Dodged            |    16 |    38 |   116 |   226 ||   396
